 Dungeon Crawl Stone Soup version 0.27-a0-1529-g1e82c303ef (webtiles) character file.

Game seed: 1223977088965565777

1445 Morbidden the Gusty (level 8, -20/63 HPs)
             Began as a Demigod Air Elementalist on July 11, 2021.
             Demolished by a shadow (27 damage)
             ... on level 5 of the Dungeon on July 12, 2021.
             The game lasted 00:07:48 (7685 turns).

Morbidden the Gusty (Demigod Air Elementalist)      Turns: 7685, Time: 00:07:48

Health: -20/63     AC:  8    Str:  6 (9)  XL:     8   Next: 22%
Magic:  18/18      EV: 13    Int: 23 (25) God:
Gold:   233        SH:  0    Dex: 19 (20) Spells: 8/15 levels left

rFire    . . .     SeeInvis .   a - +0 dagger (venom)
rCold    . . .     Faith    .   (no shield)
rNeg     . . .     Spirit   .   c - +2 leather armour {rPois}
rPois    +         Reflect  .   j - +2 hat
rElec    .         Harm     .   (no cloak)
rCorr    .         Rampage  .   (no gloves)
Will     .....                  d - +0 pair of boots
Stlth    ++........             i - amulet of the acrobat
HPRegen  0.20/turn              p - +6 ring of dexterity
MPRegen  0.16/turn              m - ring of poison resistance

@: no status effects
A: high mp 1, forlorn
a: no special abilities


You were on level 5 of the Dungeon.
You visited 1 branch of the dungeon, and saw 6 of its levels.

You collected 233 gold pieces.

Inventory:

Hand Weapons
 a - a +0 dagger of venom (weapon)
Armour
 c - a +2 leather armour of poison resistance (worn)
 d - a +0 pair of boots (worn)
 f - a +0 kite shield
 j - a +2 hat (worn)
Jewellery
 i - an amulet of the acrobat (around neck)
 m - a ring of poison resistance (right hand)
 p - a +6 ring of dexterity (left hand)
Scrolls
 b - 6 scrolls of identify {unknown}
 e - 3 scrolls of acquirement {unknown}
 l - a scroll of noise {unknown}
 o - a scroll of enchant weapon {unknown}
Potions
 k - a potion of invisibility {unknown}
 n - 2 potions of brilliance {unknown}
 q - a potion of mutation {unknown}


   Skills:
 * Level 3.4 Fighting
 + Level 1.9 Short Blades
 + Level 2.3 Armour
 * Level 4.0 Dodging
 + Level 2.2 Stealth
 * Level 4.4 Spellcasting
 * Level 3.7 Conjurations
 * Level 4.7 Air Magic


You had 8 spell levels left.
You knew the following spells:

 Your Spells              Type           Power      Damage    Failure   Level
a - Shock                 Conj/Air       96%        1d9       2%          1
b - Static Discharge      Conj/Air       24%        N/A       4%          2
c - Airstrike             Air            13%        N/A       22%         4

Your spell library contained the following spells:

 Spells                   Type           Power      Damage    Failure   Level
 Swiftness                Air            26%        N/A       6%          3
 Sandblast                Erth           10%        2d5       16%         1
 Passwall                 Tmut/Erth      4%         N/A       22%         2
 Sticky Flame             Conj/Fire      13%        2d4       56%         4
 Dispel Undead            Necr           5%         3d7       83%         4
 Lee's Rapid Deconstruct  Erth           2%         3d6*      99%         5


Dungeon Overview and Level Annotations

Branches:
Dungeon (6/15)             Temple (0/1) D:5

Shops:
D:2 !

Annotations:
D:2 1 runed translucent door, Crazy Yiuf


Innate Abilities, Weirdness & Mutations

Your attributes grow dramatically as you level up.
You have an increased reservoir of magic. (+10% MP)
You shall have no god before yourself.


Message History

You are struck by an arc of lightning.
The lightning grounds out.
The orc hits you with a +0 short sword.
Unknown command.
Unknown command.
Casting: Static Discharge (safe; 3% risk of failure)
Confirm with . or Enter, or press ? or * to list all spells.
The orc is struck by an arc of lightning.
The orc is heavily wounded.
You are struck by an arc of lightning.
The orc is struck by an arc of lightning.
You kill the orc!
The lightning grounds out.
The shadow strikes at you from the darkness!
Reactivating autopickup.
Unknown command.
The shadow hits you.
You climb upwards.
Your magical contamination has completely faded away.
There is a stone staircase leading down here.
Unknown command.
Unknown command.
Unknown command.
The shadow slips into darkness.
The shadow flickers and vanishes!
Deactivating autopickup; reactivate with Ctrl-A.
The shadow strikes at you from the darkness!
* * * LOW HITPOINT WARNING * * *
Reactivating autopickup.
The shadow slips into darkness.
The shadow flickers and vanishes!
Deactivating autopickup; reactivate with Ctrl-A.
Unknown command.
It was a potion of magic.
Magic courses through your body.
Unknown command.
Unknown command.
It was a potion of degeneration.
There was something very wrong with that liquid.
You feel weakened.
You feel dopey.
You feel clumsy.
The shadow strikes at you from the darkness!
You die...

#...## #..### ###..#### #.###
#.##### #..>.# ### ##.# #.....#
#.#.## ####.. #..# ##.....#
##.#.#######>...# #.##
##......###..#.........###> #)#
##.)#....##(.###.#####).....
..####..##....##.####..####.#####
.....#.###....##{###.....##.#
.......#......##@##..###....#
....).##.#.......##.#####...#####
......)..#....#..............)...
#....##..######........######...#
...####.)###.....####### ###..
##...............# ##.
#####....)......# ##
#..##......### #.....##.....#


There were no monsters in sight!

Vanquished Creatures
  Eustachio (D:5)
  A water moccasin (D:4)
  Duvessa (D:5)
  A sky beast (D:5)
  An ogre (D:5)
  2 phantoms (D:5)
  Blork the orc (D:5)
  2 scorpions (D:5)
  Dowan (D:5)
  A howler monkey (D:4)
  4 hounds
  A jelly (D:5)
  4 iguanas
  2 orc wizards
  A hound skeleton (D:4)
  A howler monkey zombie (D:3)
  6 adders
  An adder skeleton (D:4)
  3 worms
  2 dart slugs
  18 orcs
  5 bats
  3 endoplasms
  5 giant cockroaches
  3 goblins
  5 hobgoblins
  5 jackals (D:1)
  5 kobolds
  A quokka (D:1)
  2 ball pythons
  4 frilled lizards
  5 rats
98 creatures vanquished.

Vanquished Creatures (others)
  A wizard (D:3)
1 creature vanquished.

Grand Total: 99 creatures vanquished

Notes
Turn   | Place    | Note
-------+----------+-------------------------------------------
     0 | D:1      | Morbidden the Demigod Air Elementalist began the quest for
                  | the Orb.
     0 | D:1      | Reached XP level 1. HP: 14/14 MP: 5/5
     2 | D:1      | Noticed a demigod
     2 | D:1      | Noticed a vampire
     4 | D:1      | Noticed a human
     6 | D:1      | Noticed a merfolk
     6 | D:1      | Noticed a tengu
     8 | D:1      | Noticed a troll
    10 | D:1      | Noticed a gargoyle
    10 | D:1      | Noticed a naga
    12 | D:1      | Noticed a demonspawn
    12 | D:1      | Noticed a formicid
    14 | D:1      | Noticed a felid
    14 | D:1      | Noticed a djinni
    16 | D:1      | Noticed an octopode
    16 | D:1      | Noticed an ogre
    18 | D:1      | Noticed a spriggan
    18 | D:1      | Noticed a vine stalker
    20 | D:1      | Noticed a ghoul
    20 | D:1      | Noticed a dwarf
    22 | D:1      | Noticed a barachi
    22 | D:1      | Noticed a minotaur
    24 | D:1      | Noticed an elf
    26 | D:1      | Noticed a draconian
    26 | D:1      | Noticed a palentonga
   807 | D:1      | Reached XP level 2. HP: 20/20 MP: 5/7
   967 | D:1      | Reached skill level 1 in Conjurations
  1258 | D:1      | Learned a level 2 spell: Static Discharge
  1678 | D:2      | Reached XP level 3. HP: 26/26 MP: 2/9
  2598 | D:2      | Found Engoepuq's Distillery.
  2872 | D:2      | Found a runed translucent door.
  2873 | D:2      | Noticed Crazy Yiuf
  3199 | D:2      | Reached XP level 4. HP: 29/34 MP: 8/10
  3274 | D:3      | Reached skill level 1 in Fighting
  4377 | D:3      | Noticed a wizard
  4383 | D:3      | Killed a wizard
  4660 | D:4      | Reached XP level 5. HP: 21/40 MP: 8/11
  4851 | D:4      | Reached skill level 1 in Armour
  4973 | D:4      | Learned a level 4 spell: Airstrike
  5502 | D:4      | Reached XP level 6. HP: 46/49 MP: 13/13
  5852 | D:5      | Entered Level 5 of the Dungeon
  5901 | D:5      | Noticed a water moccasin
  5902 | D:5      | Noticed Blork the orc
  5936 | D:4      | Killed a water moccasin
  6055 | D:5      | Killed Blork the orc
  6060 | D:5      | Reached skill level 1 in Short Blades
  6222 | D:5      | Noticed Eustachio
  6250 | D:5      | Killed Eustachio
  6251 | D:5      | Reached XP level 7. HP: 30/56 MP: 11/15
  6973 | D:5      | Noticed Dowan
  6979 | D:5      | Noticed Duvessa
  6994 | D:5      | Killed Duvessa
  7042 | D:5      | Reached XP level 8. HP: 35/63 MP: 7/17
  7354 | D:5      | Found a staircase to the Ecumenical Temple.
  7495 | D:5      | Killed Dowan
  7685 | D:5      | Demolished by a shadow

Illustrated notes

Levels and vault maps discovered:
D:1:      kb_arrival_jail, layout_basic, chequers_ecumenical_altar_island,
          corexii_item_surrounded_by_moat
D:2:      layout_basic, basic_altar, serial_shops, shop_fountains,
          uniq_crazy_yiuf_cottage
D:3:      layout_basic, trog_wizard, evilmike_ruin_ashenzari,
          grunt_temple_overflow_open
D:4:      layout_loops_ring
D:5:      layout_rooms, lemuel_tele_altar, minmay_temple_entry_drinking_statues,
          uniq_duvessa, uniq_blork_the_orc, uniq_eustachio
D:6:      layout_rooms, lemuel_coloured_pillars_altar,
          mainiacjoe_overflow_small_starburst, nicolae_specific_store,
          serial_bayou_ford_a

Skill      XL: |  1  2  3  4  5  6  7  8 |
---------------+-------------------------+-----
Air Magic      | 3 4 |  4.7
Spellcasting   | 2 3 4 |  4.4
Stealth        | 2 |  2.2
Conjurations   | 1 2 3 |  3.7
Dodging        | 2 3 4 |  4.0
Fighting       | 1 2 3 |  3.4
Armour         | 1 2 |  2.3
Short Blades   | 1 |  1.9

Action                   |  1- 3 |  4- 6 |  7- 9 || total
-------------------------+-------+-------+-------++-------
Melee: Unarmed           |    33 |       |       ||    33
       Dagger            |    34 |   101 |    70 ||   205
 Cast: Shock             |   103 |    60 |    30 ||   193
       Static Discharge  |    10 |    19 |    21 ||    50
       Airstrike         |       |       |     3 ||     3
  Use: Potion            |       |       |     2 ||     2
Armor: Robe              |     5 |       |       ||     5
       Leather armour    |    57 |    50 |    23 ||   130
Dodge: Dodged            |    78 |   104 |    64 ||   246

Table legend: (Time is in decaauts)
 A = Elapsed time spent in this place.
 B = Non-inter-level travel time spent in this place.
 C = Inter-level travel time spent in this place.
 D = Time resting spent in this place.
 E = Time spent auto-exploring this place.
 F = Levels seen in this place.
 G = Mean time per level.
                   A        B        C        D        E       F      G
               +--------+--------+--------+--------+--------+-----+--------+
         Total |   7683 |   7490 |    193 |    315 |   6227 |   6 | 1280.5 |
       Dungeon |   7683 |   7490 |    193 |    315 |   6227 |   6 | 1280.5 |
               +--------+--------+--------+--------+--------+-----+--------+

Top non-repeatable levels by time:
     D:2: 1719 daAuts
     D:5: 1686 daAuts
     D:3: 1542 daAuts
     D:1: 1538 daAuts
     D:4: 1185 daAuts
     D:6: 10 daAuts
